 Dungeon Crawl Stone Soup version 0.31-a0-1388-g4b2ba238e7 (webtiles) character file.

Game seed: 14220650987346271297

349 Laraso the Cudgeller (level 6, 0/62 HPs)
             Began as an Oni Cinder Acolyte on Dec 24, 2023.
             Was a High Priest of Ignis.
             Slain by Fodor's ghost (14 damage)
             ... on level 3 of the Dungeon.
             The game lasted 00:05:41 (4755 turns).

Laraso the Cudgeller (Oni Cinder Acolyte)           Turns: 4755, Time: 00:05:42

Health: 0/62       AC: 10    Str: 19    XL:     6   Next: 60%
Magic:  2/10       EV: 14    Int: 23    God:    Ignis [*****.]
Gold:   186        SH:  0    Dex:  4    Spells: 7/11 levels left

rFire   + . .        n - +2 whip (holy)
rCold   . . .        (no shield)
rNeg    . . .        b - +0 robe
rPois   .            (helmet restricted)
rElec   .            (no cloak)
rCorr   .            (gloves unavailable)
SInv    .            (boots unavailable)
Will    .....        (no amulet)
Stlth   +            d - +5 ring of evasion
HPRegen 0.30/turn    l - +6 ring of intelligence
MPRegen 0.12/turn

%: no passive effects
@: fiery-armoured
A: large, unfitting armour, horns 1, tough skin 1, double potion healing,
drunken brawling
a: Renounce Religion, Fiery Armour, Foxfire Swarm, Rising Flame


You were on level 3 of the Dungeon.
You worshipped Ignis.
Ignis was extremely pleased with you.
You visited 1 branch of the dungeon, and saw 4 of its levels.

You collected 186 gold pieces.

Inventory:

Hand Weapons
 a - a +0 flail
 n - a +2 whip of holy wrath (weapon)
Armour
 b - a +0 robe (worn)
Jewellery
 d - a +5 ring of evasion (left hand)
 i - a ring of resist corrosion
 j - a ring of protection from fire
 k - a ring of ice
 l - a +6 ring of intelligence (right hand)
Scrolls
 c - a scroll of revelation
 e - 2 scrolls of vulnerability
 h - a scroll of identify
 m - a scroll of poison {unknown}
Potions
 f - a potion of berserk rage
 g - a potion of mutation


   Skills:
 - Level 4.0 Fighting
 * Level 6.5 Maces & Flails
 - Level 3.0 Spellcasting
 * Level 0.0 Summonings
 - Level 3.0 Fire Magic


You had 7 spell levels left.
You knew the following spells:

 Your Spells              Type           Power      Damage    Failure   Level
a - Scorch                Fire           34%        2d6       4%          2
b - Call Imp              Summ           6%         N/A       17%         2

Your spell library contained the following spells:

 Spells                   Type           Power      Damage    Failure   Level
 Sublimation of Blood     Necr           3%         N/A       17%         2
 Summon Hydra             Summ           1%         N/A       100%        7


Dungeon Overview and Level Annotations

Branches:
Dungeon (4/15)
 Temple: D:4-7

Altars:
Cheibriados
Nemelex Xobeh
Okawaru
Yredelemnul
Zin
Lugonu

Portals:
Abyss: D:3

Annotations:
D:3 Fodor's ghost, novice MiFi


Innate Abilities, Weirdness & Mutations

You are too large for most types of armour.
You have a pair of small horns on your head.
You have tough skin. (AC +1)
You gain doubled healing and magic from potions.
Whenever you drink a healing potion, you attack all around you.


Message History

Fodor's ghost attacks as it pursues you!
Fodor's ghost closely misses you.
Things that are here:
a +0 hand axe; a +2 whip of holy wrath; a +0 dagger
n - a +2 whip of holy wrath Fodor's ghost hits you!
Your +2 whip of holy wrath softly glows with a divine radiance!
n - a +2 whip of holy wrath (weapon)
You hit Fodor's ghost but do no damage.
Fodor's ghost is heavily damaged.
Fodor's ghost is no longer more vulnerable to fire.
Fodor's ghost hits you but does no damage.
Fodor's ghost is burned by your cloak of flames.
Fodor's ghost is heavily damaged.
You hit Fodor's ghost but do no damage. You headbutt Fodor's ghost!
You punch Fodor's ghost, but do no damage.
Fodor's ghost is severely damaged.
Fodor's ghost hits you!
* * * LOW HITPOINT WARNING * * *
You hit Fodor's ghost but do no damage.
Fodor's ghost is severely damaged.
You hit Fodor's ghost.
Fodor's ghost convulses.
Fodor's ghost is severely damaged.
Fodor's ghost closely misses you.
You hit Fodor's ghost but do no damage. Your headbutt misses Fodor's ghost.
Fodor's ghost is severely damaged.
Fodor's ghost barely misses you.
You completely miss Fodor's ghost. You headbutt Fodor's ghost.
Fodor's ghost is severely damaged.
Fodor's ghost misses you.
You closely miss Fodor's ghost.
You headbutt Fodor's ghost, but do no damage.
Fodor's ghost is severely damaged.
Fodor's ghost closely misses you.
You whack Fodor's ghost!
Fodor's ghost convulses.
Fodor's ghost is almost destroyed.
You hit Fodor's ghost but do no damage.
Fodor's ghost is almost destroyed.
Fodor's ghost hits you!
You die...

######## .......#
######.###########
#...........# ###########.#
#@# #W# ##)#########
#.)....>...########
############.#.######.........
####.<.......##.#.# #..#######
#.......####.##.#.# #..#
#.........##.##.#.# #..#
#.###'###.##.##.#.# #..#


You could see Fodor's ghost.

Vanquished Creatures
  An ice beast (D:3)
  A scorpion (D:3)
  A sleepcap (D:3)
  Robin (D:2)
  4 gnolls
  3 adders
  2 worms
  5 dart slugs
  4 orcs (D:3)
  4 endoplasms
  3 giant cockroaches
  14 goblins
  10 hobgoblins
  7 kobolds
  3 quokkas
  10 ball pythons
  A bat (D:1)
  2 frilled lizards (D:1)
  2 rats
78 creatures vanquished.

Notes
Turn   | Place    | Note
-------+----------+-------------------------------------------
     0 | D:1      | Laraso the Oni Cinder Acolyte began the quest for the Orb.
     0 | D:1      | Reached XP level 1. HP: 24/24 MP: 2/2
   226 | D:1      | Reached XP level 2. HP: 28/32 MP: 2/4
   303 | D:1      | Learned a level 2 spell: Scorch
   570 | D:1      | Reached XP level 3. HP: 39/39 MP: 0/5
  1243 | D:2      | Noticed Robin
  1264 | D:2      | Killed Robin
  1265 | D:2      | Reached skill level 4 in Maces & Flails
  1431 | D:2      | Reached XP level 4. HP: 48/48 MP: 4/7
  2542 | D:3      | Found a sparkling altar of Nemelex Xobeh.
  2690 | D:3      | Found a basalt altar of Yredelemnul.
  2874 | D:3      | Found a faded altar of an unknown god.
  2874 | D:3      | Noticed a red devil
  2915 | D:3      | Found a one-way gate to the infinite horrors of the Abyss.
  2965 | D:3      | Found a snail-covered altar of Cheibriados.
  3129 | D:3      | Found a large runed translucent door.
  3130 | D:3      | Found a large runed translucent door.
  3131 | D:3      | Found a corrupted altar of Lugonu.
  3249 | D:3      | Noticed an ice beast
  3253 | D:3      | Killed an ice beast
  3254 | D:3      | Reached skill level 5 in Maces & Flails
  3254 | D:3      | Reached XP level 5. HP: 54/54 MP: 2/9
  3413 | D:3      | Found a glowing silver altar of Zin.
  3413 | D:3      | Found an iron altar of Okawaru.
  3718 | D:4      | Found a runed translucent door.
  4148 | D:3      | Reached XP level 6. HP: 29/62 MP: 3/10
  4395 | D:4      | Reached skill level 6 in Maces & Flails
  4678 | D:4      | Learned a level 2 spell: Call Imp
  4703 | D:4      | Noticed Fodor's ghost (novice MiFi)
  4755 | D:3      | Slain by Fodor's ghost

Illustrated notes

Levels and vault maps discovered:
D:1:      saegor_arrival_simple_b, layout_loops_ring, minmay_heptomino_w4
D:2:      layout_loops_corners, uniq_robin
D:3:      due_chaos_kobolds, layout_loops_ring, amcnicky_altar_gilded,
          mainiacjoe_overflow_tiny_flanked, lemuel_doored_altar,
          gammafunk_temple_overflow_elements,
          dreamdust_ecumenical_altar_sealed_demon,
          chequers_serial_rivers_small_3
D:4:      layout_rooms, ebering_ghost_inner_flame, uniq_crazy_yiuf_cottage,
          uniq_pikel

Skill      XL: |  1  2  3  4  5  6 |
---------------+-------------------+-----
Fire Magic     | 3 |  3.0
Spellcasting   | 2 3 |  3.0
Maces & Flails | 4 5 6 |  6.5
Fighting       | |  4.0

Action                     |  1- 3 |  4- 6 || total
---------------------------+-------+-------++-------
  Melee: Whip              |    35 |    33 ||    68
         Headbutt          |     1 |     8 ||     9
         Flail             |       |     5 ||     5
         Punch             |       |     1 ||     1
   Cast: Scorch            |    19 |    72 ||    91
 Invoke: Fiery Armour      |       |     1 ||     1
    Use: Scroll            |     1 |     4 ||     5
         Potion            |       |     1 ||     1
 Armour: Robe              |    25 |    77 ||   102
  Dodge: Dodged            |     8 |    49 ||    57

Table legend: (Time is in decaauts)
 A = Elapsed time spent in this place.
 B = Non-inter-level travel time spent in this place.
 C = Inter-level travel time spent in this place.
 D = Time resting spent in this place.
 E = Time spent auto-exploring this place.
 F = Levels seen in this place.
 G = Mean time per level.
                   A        B        C        D        E       F      G
               +--------+--------+--------+--------+--------+-----+--------+
         Total |   4755 |   4646 |    109 |   1329 |   2774 |   4 | 1188.8 |
       Dungeon |   4755 |   4646 |    109 |   1329 |   2774 |   4 | 1188.8 |
               +--------+--------+--------+--------+--------+-----+--------+

Top non-repeatable levels by time:
     D:3: 2153 daAuts
     D:2: 1452 daAuts
     D:1: 1030 daAuts
     D:4: 119 daAuts
